 Dungeon Crawl Stone Soup version 0.27.0-66-gdc8fb28755 (webtiles) character file.

Game seed: 1209101912928192345

882 Lonerover the Fighter (level 7, -14/14 (69) HPs)
             Began as a Minotaur Fighter on Aug 20, 2021.
             Was a Plaything of Xom.
             Demolished by an ogre (20 damage)
             ... on level 5 of the Dungeon.
             The game lasted 00:15:44 (5040 turns).

Lonerover the Fighter (Minotaur Fighter)            Turns: 5040, Time: 00:15:44

HP:   -14/14 (69)   AC:  9    Str: 23    XL:     7   Next: 76%
MP:   0/6           EV:  7    Int:  5    God:    Xom [*.....]
Gold: 226           SH: 10    Dex: 15    Spells: 6/6 levels left

rFire    . . .     SeeInvis .   a - +0 war axe
rCold    . . .     Faith    .   c - +0 kite shield
rNeg     . . .     Spirit   +   b - +0 scale mail
rPois    .         Reflect  .   (helmet restricted)
rElec    .         Harm     .   (no cloak)
rCorr    .         Rampage  .   j - +0 pair of gloves
Will     .....                  (no boots)
Stlth    ..........             k - amulet of guardian spirit
HPRegen  0.04/turn              m - +6 ring of dexterity
MPRegen  0.10/turn              (no ring)

@: studying Slings, extremely drained
A: horns 2, retaliatory headbutt
a: Renounce Religion


You were on level 5 of the Dungeon.
You worshipped Xom.
You were a special plaything of Xom.
You visited 2 branches of the dungeon, and saw 6 of its levels.

You collected 226 gold pieces.

Inventory:

Hand Weapons
 a - a +0 war axe (weapon)
 g - a +0 spear
Missiles
 n - a throwing net (quivered)
Armour
 b - a +0 scale mail (worn)
 c - a +0 kite shield (worn)
 j - a +0 pair of gloves (worn)
Magical Staves
 s - a staff of earth
Jewellery
 k - an amulet of guardian spirit (around neck)
 m - a +6 ring of dexterity (left hand)
Wands
 l - a wand of flame (22)
Scrolls
 d - a scroll of identify {unknown}
 e - a scroll of magic mapping {unknown}
 f - a scroll of enchant armour {unknown}
 h - a scroll of blinking {unknown}
 i - a scroll of noise {unknown}
 o - a scroll of vulnerability {unknown}
 p - 2 scrolls of amnesia {unknown}
 q - a scroll of brand weapon {unknown}
Potions
 r - a potion of curing


   Skills:
 * Level 8.3 Fighting
 + Level 5.7 Axes
 + Level 6.4 Armour
 - Level 3.6 Shields


You had 6 spell levels left.
You didn't know any spells.
Your spell library contained the following spells:

 Spells                   Type           Power      Damage    Failure   Level
 Blink                    Tloc           N/A        N/A       100%        2
 Passwall                 Tmut/Erth      0%         N/A       100%        2
 Inner Flame              Hex/Fire       0%         N/A       100%        3
 Lesser Beckoning         Tloc           0%         N/A       100%        3
 Swiftness                Air            0%         N/A       100%        3
 Cause Fear               Hex            0%         N/A       100%        4
 Manifold Assault         Tloc           0%         N/A       100%        5
 Invisibility             Hex            0%         N/A       100%        6
 Discord                  Hex            0%         N/A       100%        8


Dungeon Overview and Level Annotations

Branches:
Dungeon (5/15)             Temple (1/1) D:5

Altars:
Ashenzari
Cheibriados
Dithmenos
Elyvilon
Fedhas
Gozag
Hepliaklqana
Makhleb
Nemelex Xobeh
Ru
Trog
Uskayaw
Vehumet
Xom
Yredelemnul
Zin
The Shining One

Shops:
D:3 :


Innate Abilities, Weirdness & Mutations

You have a pair of horns on your head.
You reflexively headbutt those who attack you in melee.


Message History

You are too injured to fight recklessly!
You are too injured to fight recklessly!
You are too injured to fight recklessly!
You are too injured to fight recklessly!
You are too injured to fight recklessly!
You are too injured to fight recklessly!
You closely miss the hound. You headbutt the hound!
The hound is severely wounded.
The hound bites you. x2
* * * LOW HITPOINT WARNING * * *
You closely miss the hound.
The hound is severely wounded.
The hound bites you. The hound barely misses you.
You miss the hound. You headbutt the hound.
You kill the hound!
Magic restored.
An iguana comes into view.
There is an open door here.
You see here an adder corpse.
You close the door, pushing everything out of the way.
You see here an adder corpse.
An ogre comes into view. It is wielding a +0 giant club.
The ogre shouts!
You hear a shout!
The iguana hisses menacingly.
You hit the iguana. You headbutt the iguana!
The iguana is almost dead.
The iguana barely misses you. You furiously retaliate!
You headbutt the iguana.
You kill the iguana!
You barely miss the ogre. You block the ogre's attack.
Found a dagger.
The black bear growls angrily.
You are now a special plaything of Xom.
You see here a +0 dagger.
You block the ogre's attack.
You hit the ogre. You headbutt the ogre.
The ogre is heavily wounded.
The ogre hits you with a +0 giant club!!
Ouch! That really hurt!
You die...
Xom snickers!

....#.# #..............# .......
....#.####......##.######........
....#...........##.# #........
....#........).....# #........
....'..............# #........
....##............## #########
....##.........h..+
....##....#...#O..#
######....#...#.@.# #...
#...#...# #### #...#.....
#...#....... #...#.........
#...#......... #...#########.


You could see a black bear and an ogre.

Vanquished Creatures
  Sigmund (D:4)
  Duvessa (D:4)
  An orc warrior (D:4)
  Dowan (D:5)
  An orc priest (D:4)
  2 hounds
  A bullfrog skeleton (D:2)
  An iguana (D:5)
  Natasha (thrice) (D:4)
  An orc wizard (D:4)
  A hound skeleton (D:4)
  4 gnolls
  8 adders
  An adder zombie (D:4)
  An adder skeleton (D:4)
  A worm (D:5)
  4 dart slugs
  8 orcs
  5 bats
  4 endoplasms
  4 giant cockroaches
  5 goblins
  6 hobgoblins
  13 kobolds
  3 quokkas
  9 ball pythons
  2 frilled lizards
  7 rats
99 creatures vanquished.

Notes
Turn   | Place    | Note
-------+----------+-------------------------------------------
     0 | D:1      | Lonerover the Minotaur Fighter began the quest for the Orb.
     0 | D:1      | Reached XP level 1. HP: 19/19 MP: 0/0
   328 | D:1      | Found a faded altar of an unknown god.
   357 | D:1      | Reached skill level 4 in Fighting
   365 | D:1      | Reached XP level 2. HP: 27/27 MP: 1/1
   576 | D:1      | Reached XP level 3. HP: 34/34 MP: 2/2
  1050 | D:2      | Reached skill level 5 in Fighting
  1050 | D:2      | Reached XP level 4. HP: 39/42 MP: 3/3
  1225 | D:2      | Found a shadowy altar of Dithmenos.
  1663 | D:3      | Found Zyihyrch's Book Boutique.
  1975 | D:3      | Found a hide-covered altar of Uskayaw.
  2059 | D:4      | Noticed an orc warrior
  2063 | D:4      | Noticed Duvessa
  2064 | D:4      | Reached XP level 5. HP: 46/48 MP: 4/4
  2070 | D:4      | Noticed Dowan
  2104 | D:4      | Killed Duvessa
  2105 | D:4      | Reached skill level 6 in Fighting
  2105 | D:4      | Reached skill level 5 in Armour
  2108 | D:4      | HP: 1/50 [orc warrior (11)]
  2109 | D:4      | Killed an orc warrior
  2110 | D:4      | Reached XP level 6. HP: 1/58 MP: 0/5
  2143 | D:5      | Entered Level 5 of the Dungeon
  2407 | D:4      | Noticed Sigmund
  2429 | D:5      | Killed Dowan
  2692 | D:4      | Reached skill level 7 in Fighting
  2707 | D:4      | Killed Sigmund
  2708 | D:4      | Reached skill level 5 in Axes
  2708 | D:4      | Reached XP level 7. HP: 10/66 MP: 0/6
  3038 | D:4      | Noticed Natasha
  3043 | D:4      | Killed Natasha
  3169 | D:4      | Noticed Natasha
  3175 | D:4      | Killed Natasha
  3384 | D:4      | Noticed Natasha
  3393 | D:4      | Killed Natasha
  3583 | D:4      | Reached skill level 8 in Fighting
  3943 | D:5      | Found a staircase to the Ecumenical Temple.
  3965 | Temple   | Entered the Ecumenical Temple
  4483 | Temple   | Became a worshipper of Xom the Begetter of Turbulence
  4493 | Temple   | XOM: divination: detect creatures
  4815 | D:4      | XOM: silly message
  5040 | D:5      | Demolished by an ogre

Illustrated notes

Levels and vault maps discovered:
D:1:      ebering_trefoil_3fold, layout_basic,
          hellmonk_ecumenical_altar_leap_of_faith
D:2:      layout_loops_ring, basic_altar, kennysheep_cluttered_room, st_stairs_8
D:3:      layout_rooms, mainiacjoe_overflow_tiny_flanked, serial_shops, shop
D:4:      layout_basic, minmay_manual_macuahuitl, uniq_sigmund, uniq_natasha,
          uniq_duvessa
D:5:      layout_basic, lemuel_blue_sif_altar,
          minmay_temple_entry_enclosed_plants, serial_rivers,
          chequers_serial_rivers_marsh, chequers_serial_rivers_micro_d,
          chequers_serial_rivers_marsh, chequers_serial_rivers_small_a,
          chequers_serial_rivers_small_3, chequers_serial_rivers_room_b,
          minmay_manual_mares
Temple:   minmay_temple_bridge_d

Skill      XL: |  1  2  3  4  5  6  7 |
---------------+----------------------+-----
Fighting       | 4 5 6 7 8 |  8.3
Armour         | 4 5 6 |  6.4
Axes           | 3 4 5 |  5.7
Shields        | |  3.6

Action                   |  1- 3 |  4- 6 |  7- 9 || total
-------------------------+-------+-------+-------++-------
Melee: War axe           |    59 |   109 |    63 ||   231
       Headbutt          |     6 |    16 |    22 ||    44
  Use: Potion            |       |     5 |     2 ||     7
Armor: Scale mail        |    27 |    46 |    28 ||   101
Dodge: Dodged            |    18 |    33 |    11 ||    62
Block: Kite shield       |    37 |    72 |    35 ||   144
